 Dungeon Crawl Stone Soup version 0.29.1-1-gd02db69 (webtiles) character file.

Game seed: 9420728507967903630

2499 Arnan the Covered (level 9, 0/71 HPs)
             Began as a Human Berserker on Apr 2, 2023.
             Was an Elder of Trog.
             Succumbed to a gnoll sergeant's poison
             ... on level 8 of the Dungeon.
             The game lasted 01:16:39 (7798 turns).

Arnan the Covered (Human Berserker)                 Turns: 7798, Time: 01:16:39

Health: 0/71       AC: 13    Str: 23    XL:     9   Next: 82%
Magic:  9/9        EV:  8    Int: 11    God:    Trog [****..]
Gold:   397        SH:  9    Dex: 21    Spells: 8/8 levels left

rFire   + . .      SeeInvis .   y - +7 dagger of Objectivity {flame, rC+ rN+ Int+4 Dex+9}
rCold   + . .      Faith    .   a - +0 kite shield
rNeg    + + .      Spirit   .   e - +0 chain mail
rPois   .          Reflect  .   A - +0 helmet
rElec   .          Harm     .   (no cloak)
rCorr   .          Rampage  .   Q - +0 pair of gloves
Will    .....                   (no boots)
Stlth   ..........              (no amulet)
HPRegen 0.21/turn               L - ring of positive energy
MPRegen 0.11/turn               r - ring of protection from fire

@: mighty, lethally poisoned (0 -> -6), flying, hasted, very quick
A: no striking features
a: Renounce Religion, Berserk, Trog's Hand, Brothers in Arms


You were on level 8 of the Dungeon.
You worshipped Trog.
Trog was greatly pleased with you.
You visited 1 branch of the dungeon, and saw 8 of its levels.

You collected 397 gold pieces.

Inventory:

Hand Weapons
 l - a +0 sling
 m - a +3 falchion of holy wrath
 v - a +0 trident
 y - the +7 dagger of Objectivity (weapon) {flame, rC+ rN+ Int+4 Dex+9}
   (You found it on level 2 of the Dungeon)

   It burns those it strikes, dealing additional fire damage.
   Int:       It affects your intelligence (+4).
   Dex:       It affects your dexterity (+9).
   rC:        It protects you from cold.
   rN:        It protects you from negative energy.
 D - a +2 vorpal spear
 E - a +0 whip
 F - a +0 dagger
 G - a +0 dagger
 H - a +0 halberd
 P - a +0 trident
 S - a +0 long sword
 V - a +2 trident of protection
 Z - a +3 vorpal flail
Missiles
 f - 13 poisoned darts
 h - 70 stones
 J - 2 throwing nets
 N - 2 javelins
Armour
 a - a +0 kite shield (worn)
 b - a +0 animal skin
 e - a +0 chain mail (worn)
 A - a +0 helmet (worn)
 M - a +0 barding
 Q - a +0 pair of gloves (worn)
Jewellery
 r - a ring of protection from fire (right hand)
 L - a ring of positive energy (left hand)
Wands
 q - a wand of light (9)
 w - a wand of charming (4)
 T - a wand of roots (7)
 X - a wand of flame (19)
Scrolls
 d - 2 scrolls of amnesia {unknown}
 p - a scroll of enchant weapon {unknown}
 s - a scroll of vulnerability {unknown}
 t - a scroll of blinking {unknown}
 z - a scroll of teleportation {unknown}
 K - 5 scrolls of identify {unknown}
 R - 3 scrolls of poison {unknown}
 W - a scroll of immolation {unknown}
Potions
 i - a potion of degeneration {unknown}
 j - a potion of flight
 k - a potion of brilliance {unknown}
 o - a potion of mutation {unknown}
 u - a potion of lignification {unknown}
 I - a potion of resistance {unknown}
 O - 2 potions of magic
 U - a potion of haste
 Y - 2 potions of attraction {unknown}


   Skills:
 + Level 6.4 Fighting
 + Level 6.6 Short Blades
 + Level 4.3 Maces & Flails
 + Level 7.7 Armour
 + Level 3.5 Dodging
 + Level 0.7 Stealth
 + Level 1.4 Shields


You had 8 spell levels left.
You didn't know any spells.
Your spell library contained the following spells:

 Spells                   Type           Power      Damage    Failure   Level
 Apportation              Tloc           0%         N/A       100%        1
 Freeze                   Ice            0%         1d3       100%        1
 Magic Dart               Conj           0%         1d3       100%        1
 Necrotise                Necr           0%         1d4       100%        1
 Summon Small Mammal      Summ           0%         N/A       100%        1
 Call Imp                 Summ           0%         N/A       100%        2
 Confusing Touch          Hex            0%         N/A       100%        3
 Frozen Ramparts          Ice            0%         1d1       100%        3
 Inner Flame              Hex/Fire       0%         N/A       100%        3
 Mephitic Cloud           Conj/Pois/Air  0%         N/A       100%        3
 Cause Fear               Hex            0%         N/A       100%        4
 Yara's Violent Unravell  Hex/Tmut       0%         3d3       100%        5
 Enfeeble                 Hex            0%         N/A       100%        7
 Malign Gateway           Summ/Tloc      0%         N/A       100%        7
 Discord                  Hex            0%         N/A       100%        8
 Polar Vortex             Ice            0%         N/A       100%        9


Dungeon Overview and Level Annotations

Branches:
Dungeon (8/15)             Temple (0/1) D:7
   Lair: D:8-11

Altars:
Ru
Uskayaw
Vehumet
Yredelemnul

Annotations:
D:8 Erica


Message History

* * * LOW HITPOINT WARNING * * *
The gnoll sergeant barely misses you.
You feel sick.
The centaur shoots an arrow.
The arrow hits you.
* * * LOW HITPOINT WARNING * * *
The centaur shoots an arrow.
You block the arrow.
It was a potion of haste.
You feel yourself speed up.
You feel sick. You block the gnoll sergeant's attack.
You hit the gnoll sergeant. You burn the gnoll sergeant.
The gnoll sergeant is lightly wounded.
You feel sick. The gnoll sergeant barely misses you.
You block the gnoll's attack.
You hit the gnoll sergeant but do no damage.
The gnoll sergeant is lightly wounded.
You feel sick. The gnoll sergeant barely misses you.
You block the gnoll's attack.
You closely miss the gnoll sergeant.
The gnoll sergeant is lightly wounded.
You hit the gnoll sergeant. You burn the gnoll sergeant.
The gnoll sergeant is moderately wounded.
You feel sick. The gnoll sergeant barely misses you.
The gnoll hits you but does no damage. The gnoll sergeant blocks your attack.
The gnoll sergeant is moderately wounded.
You hit the gnoll sergeant. You burn the gnoll sergeant.
The gnoll sergeant is moderately wounded.
You feel sick. You block the gnoll's attack.
You block the gnoll sergeant's attack.
You hit the gnoll sergeant but do no damage.
The gnoll sergeant is moderately wounded.
You hit the gnoll sergeant. You burn the gnoll sergeant.
The gnoll sergeant is heavily wounded.
You feel sick.
You are no longer poisoned.
The gnoll sergeant hits you with a +2 trident of venom.
* * * LOW HITPOINT WARNING * * *
You are lethally poisoned!
You block the gnoll's attack.
It was a potion of might.
You feel very mighty all of a sudden.
You die...

.... ..?.. ..... .....#
..........### #####
............####...##
.............{cg@...##
..............g#.....#
?.........#....#......#
.........##...##.....##
.........#...##......#
#....))...#.#....#
###....##.....#....#
#...................
##.....##...........#


You could see a gnoll sergeant, a centaur and a gnoll.

Vanquished Creatures
  Edmund (D:5)
  3 water moccasins
  2 black bears
  2 ice beasts
  2 sky beasts
  An orc warrior (D:6)
  3 ogres (D:5)
  2 phantoms
  A gnoll sergeant (D:6)
  A necrophage (D:7)
  4 scorpions
  2 hounds
  3 orc priests
  A jelly (D:3)
  3 iguanas
  An orc wizard (D:4)
  14 gnolls
  10 adders
  3 white imps
  2 ufetubi
  A worm (D:5)
  2 dart slugs
  11 orcs
  8 endoplasms
  2 giant cockroaches
  13 hobgoblins
  2 jackals (D:4)
  11 kobolds
  6 quokkas
  7 ball pythons
  8 bats
  4 frilled lizards
  3 goblins
  3 rats (D:3)
142 creatures vanquished.

Vanquished Creatures (others)
  A bullfrog (D:8)
  An orc wizard (D:8)
  2 orcs (D:8)
  3 plants (D:8)
7 creatures vanquished.

Grand Total: 149 creatures vanquished

Notes
Turn   | Place    | Note
-------+----------+-------------------------------------------
     0 | D:1      | Arnan the Human Berserker began the quest for the Orb.
     0 | D:1      | Reached XP level 1. HP: 18/18 MP: 1/1
   162 | D:1      | Reached XP level 2. HP: 18/24 MP: 2/2
  1318 | D:1      | Reached XP level 3. HP: 22/29 MP: 3/3
  1707 | D:2      | Reached ** piety under Trog
  1780 | D:2      | Identified the +7 dagger of Objectivity {flame, rC+ rN+
                  | Int+4 Dex+9}
  2097 | D:3      | Reached XP level 4. HP: 37/37 MP: 4/4
  2290 | D:3      | Reached skill level 1 in Short Blades
  2531 | D:3      | Found a faded altar of an unknown god.
  2565 | D:3      | Reached XP level 5. HP: 40/42 MP: 5/5
  2641 | D:3      | Found a radiant altar of Vehumet.
  2679 | D:3      | Reached skill level 3 in Armour
  3257 | D:4      | Found a hide-covered altar of Uskayaw.
  3311 | D:4      | Reached XP level 6. HP: 48/48 MP: 6/6
  3818 | D:4      | Found a sacrificial altar of Ru.
  3961 | D:4      | Reached skill level 4 in Armour
  3961 | D:4      | Reached XP level 7. HP: 46/54 MP: 7/7
  4337 | D:5      | Entered Level 5 of the Dungeon
  4589 | D:5      | Reached *** piety under Trog
  4604 | D:5      | Reached XP level 8. HP: 27/61 MP: 8/8
  4750 | D:5      | Found a glowing drain.
  4794 | D:5      | Reached skill level 5 in Armour
  5162 | D:5      | Reached skill level 5 in Fighting
  5340 | D:5      | Noticed Edmund
  5350 | D:5      | Reached skill level 5 in Short Blades
  5362 | D:5      | Killed Edmund
  5916 | D:6      | Reached skill level 6 in Armour
  5919 | D:6      | Reached XP level 9. HP: 53/68 MP: 9/9
  6239 | D:6      | Got the Folio of Hyperbolic Graupel
  7015 | D:7      | Reached skill level 7 in Armour
  7466 | D:7      | Reached skill level 1 in Shields
  7491 | D:7      | Found a staircase to the Ecumenical Temple.
  7617 | D:7      | Found a basalt altar of Yredelemnul.
  7758 | D:8      | Reached **** piety under Trog
  7774 | D:8      | Noticed Erica
  7797 | D:8      | HP: 2/71 [gnoll sergeant/+2 trident of venom (3)]
  7798 | D:8      | Succumbed to a gnoll sergeant's poison

Illustrated notes

Levels and vault maps discovered:
D:1:      lemuel_arrival_room, layout_basic
D:2:      layout_loops_cross
D:3:      layout_loops_ring, vehumet_altar_wand_db,
          hellmonk_ecumenical_altar_inner_sanctum
D:4:      layout_basic, nicolae_uskayaw_murder_on_the_dancefloor,
          nicolae_ru_great_annihilating_truth
D:5:      layout_rooms, portal_sewer_entry_f, uniq_edmund
D:6:      layout_rooms
D:7:      layout_cave_pods, lemuel_round_altar, minmay_temple_entry_junction
D:8:      layout_cave_pools, david_lair_generic, serial_bayou_lagoon_a,
          uniq_erica

Skill      XL: |  1  2  3  4  5  6  7  8  9 |
---------------+----------------------------+-----
Short Blades   | 1 3 4 5 6 |  6.6
Maces & Flails | 4 |  4.3
Armour         | 3 4 6 7 |  7.7
Fighting       | 4 5 6 |  6.4
Dodging        | 3 |  3.5
Shields        | 1 |  1.4
Stealth        | |  0.7

Action                   |  1- 3 |  4- 6 |  7- 9 || total
-------------------------+-------+-------+-------++-------
Melee: Mace              |    87 |       |       ||    87
       Dagger            |    14 |   109 |   300 ||   423
       Punch             |       |       |     1 ||     1
Invok: Trog's Hand       |       |     1 |     1 ||     2
  Use: Potion            |       |       |    11 ||    11
Armor: Chain mail        |    91 |    52 |   154 ||   297
Dodge: Dodged            |    59 |    51 |   119 ||   229
Block: Kite shield       |       |       |    81 ||    81
